 Dungeon Sprint DCSS version 0.31-a0-95-g6fa058ef04 (webtiles) character file.

Game seed: 14744859882996144810

133 sircluck the Covert (level 5, -1/49 HPs)
             Began as a Kobold Brigand on May 25, 2023.
             Slain by a scorpion (7 damage)
             ... in the Dungeon (Sprint IX: "|||||||||||||||||||||||||||||").
             The game lasted 00:00:32 (67 turns).

sircluck the Covert (Kobold Brigand)                  Turns: 67, Time: 00:00:32

Health: -1/49      AC:  3    Str:  8    XL:     5   Next: 39%
Magic:  5/5        EV: 15    Int: 13    God:
Gold:   0          SH:  0    Dex: 18    Spells: 4/4 levels left

rFire   . . .        a - +2 dagger
rCold   . . .        (no shield)
rNeg    . . .        b - +0 robe
rPois   .            (no helmet)
rElec   .            c - +0 cloak
rCorr   .            (no gloves)
SInv    .            (no boots)
Will    .....        (no amulet) Stlth
                     (no ring)
HPRegen 0.28/turn    (no ring)
MPRegen 0.09/turn

%: no teleportation
@: berserking (expiring), weakened, very quick
A: small, no large weapons, nightstalker 3
a: no special abilities


You were in the Dungeon.
You visited 1 branch

Inventory:

Hand Weapons
 a - a +2 dagger (weapon)
Missiles
 d - 7 poisoned darts (quivered)
 e - 3 curare-tipped darts
Armour
 b - a +0 robe (worn)
 c - a +0 cloak (worn)
Scrolls
 k - a scroll of blinking
Potions
 f - a potion of curing
 g - a potion of heal wounds
 h - a potion of haste
 i - 2 potions of magic


   Skills:
 + Level 4.0 Fighting
 + Level 5.0 Short Blades
 + Level 3.5 Throwing
 + Level 2.1 Dodging
 + Level 12.6 Stealth


You had 4 spell levels left.
You didn't know any spells.
Your spell library was empty.

Dungeon Overview and Level Annotations

Branches:
Dungeon (1/1)

Altars:


Innate Abilities, Weirdness & Mutations

You are small and have problems with some larger weapons.
You are completely attuned to the shadows.


Message History

The gnoll bouda barely misses you.
You barely miss the gnoll bouda.
The gnoll bouda is severely wounded.
Unknown command.
Unknown command.
You closely miss the gnoll bouda.
The gnoll bouda is severely wounded.
The gnoll bouda mumbles some strange prayers to its god.
The gnoll bouda is healed somewhat.
You closely miss the gnoll bouda.
The gnoll bouda is moderately wounded.
A scorpion comes into view.
You hit the gnoll bouda.
The gnoll bouda is severely wounded.
The gnoll bouda gazes fiercely through you!
You feel as though you will be weak longer.
The gnoll bouda misses you.
You hit the gnoll bouda.
The gnoll bouda is almost dead.
You puncture the gnoll bouda!
You kill the gnoll bouda!
Your Fighting skill increases to level 4!
Your Short Blades skill increases to level 5!
Your Dodging skill increases to level 2!
Your Stealth skill increases to level 12!
You closely miss the ufetubus. You hit the ufetubus.
The ufetubus is heavily wounded.
The ufetubus closely misses you. x2
You barely miss the ufetubus.
The ufetubus is heavily wounded.
The ufetubus barely misses you. The ufetubus completely misses you.
You puncture the ufetubus!
You kill the ufetubus!
You puncture the scorpion!
The scorpion is heavily wounded.
You hit the scorpion.
The scorpion is severely wounded.
The scorpion stings you!
You die... ▓▓▓▓▓▓▓▓▓▓▓▓▓▓▓▓ ▓@s(.')..†)'..g5 ▓▓▓▓▓▓▓▓▓▓▓▓▓▓▓▓

You could see a scorpion.

Vanquished Creatures
  A black bear (D)
  A gnoll bouda (D)
  An ufetubus (D)
  An orc (D)
  A ball python (D)
  2 kobolds (D)
  A quokka (D)
  A frilled lizard (D)
9 creatures vanquished.

Notes
Turn   | Place    | Note
-------+----------+-------------------------------------------
     0 | D        | sircluck the Kobold Brigand began the quest for the Orb.
     0 | D        | Reached XP level 1. HP: 12/12 MP: 1/1
     6 | D        | Reached skill level 6 in Stealth
    12 | D        | Reached skill level 7 in Stealth
    14 | D        | Reached XP level 2. HP: 17/17 MP: 2/2
    23 | D        | Noticed a black bear
    53 | D        | Killed a black bear
    54 | D        | Reached skill level 11 in Stealth
    54 | D        | Reached XP level 3. HP: 3/24 MP: 3/3
    54 | D        | Reached XP level 4. HP: 3/29 MP: 4/4
    54 | D        | Reached XP level 5. HP: 4/33 MP: 5/5
    62 | D        | Reached skill level 5 in Short Blades
    62 | D        | Reached skill level 12 in Stealth
    67 | D        | Slain by a scorpion

Illustrated notes

Levels and vault maps discovered:
D:        linesprint [early_d, line_temple, items_1, d_10, items_2, lair_1,
          lair_end, items_3, orc_1, orc_end, items_4, d_15, swamp_1, shoals_1,
          snake_1, spider_1, d_20, vaults_1, items_5, swamp_end, shoals_end,
          snake_end, spider_end, vaults_end, d_27, items_6, zot_1, zot_end,
          crypt_end, forest_end, elf_end, slime_end, tomb_end, abyss_end,
          pan_hell_end]

Skill      XL: |  1  2  3  4  5 |
---------------+----------------+-----
Stealth        | 7 11 12 | 12.6
Fighting       | 3 4 |  4.0
Short Blades   | 4 5 |  5.0
Throwing       | 3 |  3.5
Dodging        | 2 |  2.1

Action                     |  1- 3 |  4- 6 || total
---------------------------+-------+-------++-------
  Melee: Dagger            |    17 |    14 ||    31
         Punch             |       |     1 ||     1
  Throw: Dart              |     2 |       ||     2
    Use: Potion            |     1 |       ||     1
   Stab: Sleeping          |     5 |       ||     5
 Armour: Robe              |     5 |       ||     5
  Dodge: Dodged            |    11 |     6 ||    17

Table legend: (Time is in decaauts)
 A = Elapsed time spent in this place.
 B = Non-inter-level travel time spent in this place.
 C = Inter-level travel time spent in this place.
 D = Time resting spent in this place.
 E = Time spent auto-exploring this place.
 F = Levels seen in this place.
 G = Mean time per level.
                   A        B        C        D        E       F      G
               +--------+--------+--------+--------+--------+-----+--------+
         Total |     56 |     56 |      0 |      0 |      3 |   1 |   56.0 |
       Dungeon |     56 |     56 |      0 |      0 |      3 |   1 |   56.0 |
               +--------+--------+--------+--------+--------+-----+--------+

Top non-repeatable levels by time:
       D: 56 daAuts
